 Dungeon Crawl Stone Soup version 0.32-a0-738-g1a05c61809 (webtiles) character file.

Game seed: 13658921434462738866

627 Nvm9 the Trooper (level 7, 0/55 HPs)
             Began as a Demonspawn Fighter on Mar 17, 2024.
             Killed from afar by Ijyb (5 damage)
             ... with a bolt of light
             ... on level 5 of the Dungeon.
             The game lasted 00:06:16 (3620 turns).

Nvm9 the Trooper (Demonspawn Fighter)               Turns: 3620, Time: 00:06:16

Health: 0/55       AC: 13    Str: 18    XL:     7   Next: 23%
Magic:  7/7        EV:  4    Int:  8    God:
Gold:   266        SH:  0    Dex: 13    Spells: 6/6 levels left

rFire   . . .        a - +0 war axe
rCold   . . .        c - +0 buckler
rNeg    . . .        m - +0 plate armour
rPois   +            (helmet restricted)
rElec   .            (no cloak)
rCorr   .            (no gloves)
SInv    .            h - +0 pair of boots
Will    .....        (no amulet) Stlth
                     o - ring of poison resistance
HPRegen 0.29/turn    (no ring)
MPRegen 0.10/turn

%: no passive effects
@: confused
A: antennae 2, spiny 1
a: no special abilities


You were on level 5 of the Dungeon.
You visited 1 branch of the dungeon, and saw 5 of its levels.
You also visited: Sewer.

You collected 266 gold pieces.

Inventory:

Hand Weapons
 a - a +0 war axe (weapon)
Missiles
 p - a throwing net (quivered)
Armour
 b - a +0 scale mail
 c - a +0 buckler (worn)
 f - a +0 pair of boots
 h - a +0 pair of boots (worn)
 m - a +0 plate armour (worn)
Jewellery
 o - a ring of poison resistance (left hand)
Scrolls
 e - a scroll of torment
 g - 3 scrolls of identify
 i - 5 scrolls of teleportation
 k - a scroll of enchant weapon
 t - a scroll of poison {unknown}
 u - 2 scrolls of fog {unknown}
Potions
 d - 2 potions of might
 j - 2 potions of heal wounds
 l - 2 potions of ambrosia
 n - a potion of magic
 q - a potion of resistance
 r - a potion of cancellation
 s - a potion of curing


   Skills:
 + Level 4.9 Fighting
 + Level 3.9 Axes
 + Level 4.4 Armour
 + Level 4.4 Shields


You had 6 spell levels left.
You didn't know any spells.
Your spell library contained the following spells:

 Spells                   Type           Power      Damage    Failure   Level
 Shock                    Conj/Air       0%         1d3       100%        1
 Swiftness                Air            0%         N/A       100%        3
 Airstrike                Air            0%         2d(0-16)  100%        4


Dungeon Overview and Level Annotations

Branches:
Dungeon (5/15)              Sewer (visited)
 Temple: D:4-7

Altars:
Ashenzari
Fedhas
Makhleb
Ru
Wu Jian
Xom

Shops:
D:3 ?

Annotations:
D:5 Ijyb


Innate Abilities, Weirdness & Mutations

You have a pair of antennae on your head.
You are partially covered in sharp spines.


Message History

Ijyb zaps a wand.
The bolt of light hits you!
* * * LOW HITPOINT WARNING * * *
You feel better. Ijyb is struck by your spines. Ijyb hits you with a +0 dagger.
* * * LOW HITPOINT WARNING * * *
You barely miss Ijyb.
Ijyb is moderately wounded.
Ijyb zaps a wand.
The bolt of light hits you but does no damage.
You hit Ijyb but do no damage.
Ijyb is moderately wounded.
Ijyb hits you but does no damage.
You hit Ijyb but do no damage.
Ijyb is moderately wounded.
Ijyb hits you with a +0 dagger.
* * * LOW HITPOINT WARNING * * *
Ijyb zaps a wand.
The bolt of light hits you.
* * * LOW HITPOINT WARNING * * *
You feel much better.
Ijyb zaps a wand.
The bolt of light hits you.
You hit Ijyb but do no damage.
Ijyb is moderately wounded.
You block Ijyb's attack.
You barely miss Ijyb.
Ijyb is moderately wounded.
Ijyb is struck by your spines. Ijyb hits you with a +0 dagger.
You hit Ijyb.
Ijyb is severely wounded.
Ijyb zaps a wand.
The bolt of light hits you!
* * * LOW HITPOINT WARNING * * *
Ijyb is struck by your spines. Ijyb hits you with a +0 dagger.
* * * LOW HITPOINT WARNING * * *
You hit Ijyb.
Ijyb is severely wounded.
Ijyb hits you with a +0 dagger.
* * * LOW HITPOINT WARNING * * *
You barely miss Ijyb.
Ijyb is severely wounded.
Ijyb zaps a wand.
The bolt of light hits you.
You are confused.
You die...
Ijyb screams, "Time for next experiment!"

# #.........# #.#.# #
#.........###.#.#
#########[........##....#
...........!......#.....#
#########...............#
# . >..........#.....#
#.# #.........##...##
#.## #..........##.##
..)# #......g@..##.#
..#.# ..####.#.......#
..# #.#.#..#### ..#
..#.#..# ...... ###.....#
..#.## #..##.# ......
...#.#.# ..#.### #.# #...
..#.# .# ...


You could see Ijyb.

Vanquished Creatures
  A water moccasin (D:4)
  2 scorpions
  2 bombardier beetles (D:4)
  A hound (D:5)
  Terence (D:3)
  2 iguanas
  A hell rat (Sewer)
  Robin (D:2)
  3 gnolls (D:3)
  A river rat (Sewer)
  7 adders
  A white imp (D:5)
  3 dart slugs
  2 ribbon worms
  6 endoplasms
  6 giant cockroaches
  18 goblins
  8 hobgoblins
  5 quokkas
  5 ball pythons
  5 bats
  4 frilled lizards
  4 kobolds
  9 rats
98 creatures vanquished.

Notes
Turn   | Place    | Note
-------+----------+-------------------------------------------
     0 | D:1      | Nvm9 the Demonspawn Fighter began the quest for the Orb.
     0 | D:1      | Reached XP level 1. HP: 18/18 MP: 1/1
   238 | D:1      | Gained mutation: You have a pair of small antennae on your
                  | head. [demonic ancestry]
   238 | D:1      | Reached XP level 2. HP: 20/24 MP: 2/2
   924 | D:2      | Found a faded altar of an unknown god.
   955 | D:2      | Noticed Robin
   965 | D:2      | Gained mutation: You have a pair of antennae on your head.
                  | [demonic ancestry]
   965 | D:2      | Reached XP level 3. HP: 15/29 MP: 3/3
   975 | D:2      | Killed Robin
  1516 | D:2      | Gained mutation: You are partially covered in sharp spines.
                  | [demonic ancestry]
  1516 | D:2      | Reached XP level 4. HP: 33/35 MP: 4/4
  1627 | D:2      | Noticed a scorpion
  1635 | D:2      | Killed a scorpion
  1690 | D:2      | Reached XP level 5. HP: 42/42 MP: 5/5
  2033 | D:3      | Found Vises's Magic Scroll Emporium.
  2052 | D:3      | Found a glowing drain.
  2061 | Sewer    | Entered a sewer
  2489 | D:3      | Noticed Terence
  2498 | D:3      | Killed Terence
  2499 | D:3      | Reached XP level 6. HP: 47/48 MP: 6/6
  2786 | D:4      | Noticed a water moccasin
  2793 | D:4      | Killed a water moccasin
  3203 | D:4      | Found a blossoming altar of Fedhas.
  3212 | D:4      | Found an ornate altar of the Wu Jian Council.
  3344 | D:5      | Entered Level 5 of the Dungeon
  3353 | D:5      | Found a shimmering altar of Xom.
  3359 | D:5      | Reached XP level 7. HP: 55/55 MP: 7/7
  3405 | D:5      | Found a broken altar of Ashenzari.
  3407 | D:5      | Found a burning altar of Makhleb.
  3407 | D:5      | Found a sacrificial altar of Ru.
  3599 | D:5      | Noticed Ijyb
  3620 | D:5      | Killed from afar by Ijyb

Illustrated notes

Levels and vault maps discovered:
D:1:      dpeg_arrival_three_same_balls, layout_loops_ring, serial_bayou_pond_e
D:2:      minmay_door_path, layout_loops_ring,
          hellmonk_ecumenical_altar_run_dry, roderic_serpentine_path, uniq_robin
D:3:      layout_rooms, portal_sewer_entry_d, serial_shops,
          nicolae_shop_tiny_real_fake_doors, uniq_terence
D:4:      layout_rooms, mainiacjoe_overflow_swirl, serial_park_tiny_1
D:5:      layout_loops_ring, gammafunk_temple_overflow_forgotten,
          amcnicky_altar_gilded, nicolae_figureground_pulse, uniq_ijyb

Skill      XL: |  1  2  3  4  5  6 |
---------------+-------------------+-----
Axes           | 2 3 |  3.9
Armour         | 3 4 |  4.4
Shields        | 3 4 |  4.4
Fighting       | 4 |  4.9

Action                     |  1- 3 |  4- 6 |  7- 9 || total
---------------------------+-------+-------+-------++-------
  Melee: War axe           |   132 |   133 |    25 ||   290
    Use: Potion            |       |     9 |     2 ||    11
         Scroll            |       |     5 |       ||     5
 Armour: Scale mail        |   102 |       |       ||   102
         Plate armour      |     8 |   109 |    30 ||   147
         Skin              |     3 |       |       ||     3
  Dodge: Dodged            |    61 |    25 |     5 ||    91
  Block: Buckler           |    23 |    45 |     5 ||    73

Table legend: (Time is in decaauts)
 A = Elapsed time spent in this place.
 B = Non-inter-level travel time spent in this place.
 C = Inter-level travel time spent in this place.
 D = Time resting spent in this place.
 E = Time spent auto-exploring this place.
 F = Levels seen in this place.
 G = Mean time per level.
                   A        B        C        D        E       F      G
               +--------+--------+--------+--------+--------+-----+--------+
         Total |   3760 |   3624 |    136 |    474 |   2162 |   6 |  626.7 |
       Dungeon |   3606 |   3470 |    136 |    452 |   2162 |   5 |  721.2 |
         Sewer |    154 |    154 |      0 |     22 |      0 |   1 |  154.0 |
               +--------+--------+--------+--------+--------+-----+--------+

Top non-repeatable levels by time:
     D:2: 1097 daAuts
     D:1: 893 daAuts
     D:4: 774 daAuts
     D:3: 556 daAuts
     D:5: 285 daAuts
   Sewer: 154 daAuts
